 Dungeon Crawl Stone Soup version 0.20-a0-1086-g4bd2f5b (webtiles) character file.

8 Alarkh the Charmwright (level 2, 22/22 HPs)
             Began as a Demonspawn Skald on May 1, 2017.
             Got out of the dungeon alive.
             The game lasted 00:00:16 (522 turns).

Alarkh the Charmwright (Demonspawn Skald)            Turns: 522, Time: 00:00:18

Health: 22/22      AC:  3    Str: 11    XL:     2   Next: 0%
Magic:  5/5        EV: 11    Int: 14    God:
Gold:   49         SH:  0    Dex: 12    Spells: 4/5 levels left

rFire    . . .     SeeInvis .   a - +0 hand axe
rCold    . . .     Gourm    .   (no shield)
rNeg     . . .     Faith    .   b - +0 leather armour
rPois    .         Spirit   .   (helmet restricted)
rElec    .         Reflect  .   (no cloak)
rCorr    .         Harm     .   (no gloves)
MR       .....                  (no boots)
Stlth    +.........             (no amulet)
Regen    0.1/turn               (no ring)
MPRegen  0.1/turn               (no ring)

@: no status effects
A: horns 1
a: no special abilities


You escaped.
You were not hungry.

You visited 1 branch of the dungeon, and saw 1 of its levels.

You collected 49 gold pieces.

Inventory:

Hand Weapons
 a - a +0 hand axe (weapon)
Armour
 b - a +0 leather armour (worn)
Scrolls
 g - a scroll of recharging {unknown}
Potions
 e - a potion of mutation {unknown}
Books
 c - a book of Battle

   Spells                             Type                      Level
   a - Infusion                       Charms                       1
   b - Shroud of Golubria             Charms/Translocation         2
   c - Song of Slaying                Charms                       2
   d - Spectral Weapon                Hexes/Charms                 3
   e - Regeneration                   Charms/Necromancy            3
Comestibles
 d - 2 bread rations
 f - 3 fruits
 h - a chunk of flesh


   Skills:
 - Level 2.0 Fighting
 + Level 2.4 Axes
 - Level 0.8 Armour
 - Level 1.7 Dodging
 - Level 2.0 Spellcasting
 - Level 2.6 Charms


You had 4 spell levels left.
You knew the following spells:

 Your Spells              Type           Power        Failure   Level  Hunger
a - Infusion              Chrm           #...         11%         1    ##.....


Dungeon Overview and Level Annotations

Branches:
Dungeon (1/15)

Altars:


Innate Abilities, Weirdness & Mutations

You have a pair of small horns on your head.


Message History

You closely miss the goblin. The goblin hits you with a dagger.
You closely miss the goblin. The goblin closely misses you.
You hit the goblin.
The goblin is severely wounded.
The goblin barely misses you.
You hit the goblin.
The goblin is severely wounded.
The goblin hits you but does no damage.
You closely miss the goblin.
The goblin is severely wounded.
The goblin hits you with a dagger.
You hit the goblin.
You kill the goblin!
You have reached level 2!
Your demonic ancestry asserts itself...
A pair of horns grows on your head!
There is an open door here.
There is a staircase leading out of the dungeon here.
Are you sure you want to leave the Dungeon?
This will make you lose the game!
You have escaped!

#####.......#########.......##...
# ##.....####.......####.....##).
###....###........).(..###....##.
##...........#######.....##....#.
##...##....###.....###....#....##
#....#....##.........#..####....#
#...##...##...#####........##...#
#...#....#...##...######....#...#
#...######......@......#....#..)#
#........#...##...##...#....#...#
######...##...#####...##...##...#
.....#....##.... #...##.........#
.....##....###...#.###....##...##
......##.....#######.....##....#
###...(###.......#.....###....##
..##...[.####....#..####.....##
#..##.......#########.......##


There were no monsters in sight!

Vanquished Creatures
  A ball python (D:1)
  A bat (D:1)
  A giant cockroach (D:1)
  3 goblins (D:1)
  A frilled lizard (D:1)
7 creatures vanquished.

Notes
Turn   | Place    | Note
-------+----------+-------------------------------------------
     0 | D:1      | Alarkh the Demonspawn Skald began the quest for the Orb.
     0 | D:1      | Reached XP level 1. HP: 16/16 MP: 3/3
   428 | D:1      | Gained mutation: You have a pair of small horns on your head. [demonic ancestry]
   428 | D:1      | Reached XP level 2. HP: 20/22 MP: 5/5
   522 | D:$      | Got out of the dungeon alive.

Vault maps used:
D:1:      dpeg_arrival_circle_labyrinth_c, minmay_pentomino_q2

Skill      XL: |  1 |
---------------+----+-----
Axes           | 2 |  2.4
Fighting       | |  2.0
Armour         | |  0.8
Dodging        | |  1.7
Spellcasting   | |  2.0
Charms         | |  2.6

Action                   || total
-------------------------++-------
Melee: Hand axe          ||    23
Armor: Leather armour    ||     6
Dodge: Dodged            ||    15
